 Seeded DCSS version 0.29.1-15-g9cfb28693d (webtiles) character file.

Game seed: 17515654865153763404 (custom seed)

1 booth the Charlatan (level 1, -2/9 HPs)
             Began as a Spriggan Artificer on Apr 24, 2023.
             Frozen to death by an endoplasm (5 damage)
             ... on level 1 of the Dungeon.
             The game lasted 00:01:51 (120 turns).

booth the Charlatan (Spriggan Artificer)             Turns: 120, Time: 00:01:52

Health: -2/9       AC:  2    Str:  8    XL:     1   Next: 16%
Magic:  2/2        EV: 17    Int: 12    God:
Gold:   20         SH:  0    Dex: 15    Spells: 0/0 levels left

rFire   . . .      SeeInvis +   a - +0 club
rCold   . . .      Faith    .   (no shield)
rNeg    . . .      Spirit   .   b - +0 robe
rPois   .          Reflect  .   (helmet restricted)
rElec   .          Harm     .   (no cloak)
rCorr   .          Rampage  .   (gloves unavailable)
Will    .....                   (boots unavailable)
Stlth   ++........              (no amulet)
HPRegen 0.03/turn               (no ring)
MPRegen 0.08/turn               (no ring)

@: very quick
A: very small, no large weapons, unfitting armour, see invisible, speed 3
a: no special abilities


You were on level 1 of the Dungeon.
You visited 1 branch of the dungeon, and saw 1 of its levels.

You collected 20 gold pieces.

Inventory:

Hand Weapons
 a - a +0 club (weapon)
Armour
 b - a +0 robe (worn)
Wands
 c - a wand of flame (15) (quivered)
 d - a wand of charming (15)
 e - a wand of iceblast (5)
Scrolls
 g - a scroll of vulnerability {unknown}
Potions
 f - a potion of magic {unknown}


   Skills:
 + Level 0.7 Fighting
 + Level 3.2 Dodging
 + Level 1.6 Stealth
 * Level 4.0 Evocations


You couldn't memorise any spells.
You didn't know any spells.
Your spell library was empty.

Dungeon Overview and Level Annotations

Branches:
Dungeon (1/15)

Altars:

Shops:
D:1 *((


Innate Abilities, Weirdness & Mutations

You are very small and have problems with some larger weapons.
You are too small for most types of armour.
You have supernaturally acute eyesight. (SInv)
You cover ground extremely quickly. (Speed+++)


Message History

A hobgoblin is nearby!
g - a scroll labelled LUGEYJ LOI
There are no items here.
Found Cablu's General Store.
There is an entrance to Cablu's General Store here.
A hobgoblin is nearby!
An endoplasm comes into view.
The endoplasm quivers.
A goblin comes into view. It is wielding a +0 club.
Found Peus's Antique Weapon Shop.
Found 3 stones.
There is an entrance to Peus's Antique Weapon Shop here.
You can access your shopping list by pressing '$'.
The goblin shouts!
You see here 3 stones.
Found Mauram's Weapon Shoppe.
Found 11 gold pieces.
There is an entrance to Mauram's Weapon Shoppe here.
You can access your shopping list by pressing '$'.
A rat comes into view.
You see here 11 gold pieces.
You now have 20 gold pieces (gained 11).
You barely miss the goblin. The goblin misses you.
You hit the goblin.
You kill the goblin!
Things that are here:
a +0 club; a goblin corpse
Found a stone staircase leading down.
You hit the endoplasm but do no damage. The endoplasm hits you.
You hit the endoplasm.
The endoplasm is heavily wounded.
The endoplasm freezes you.
You are frozen.
You hit the endoplasm but do no damage. You punch the endoplasm.
The endoplasm is severely wounded.
The endoplasm misses you. The endoplasm freezes you.
You are frozen.
Ouch! That really hurt!
You die...

# ######## ##. ≈≈≈≈≈§8# #.####
.. .......# ########...r.#...
.......# #.J@..##..# .#..#
..8...<# #.####....##....#
..8....# #.##.....∩...#
.......#######.##)####....#
§......#.>....J...# ##..###
≈≈≈≈≈§8#######.##.###...######
######## #................
...g.# #.(########.#####
####.# #..# .#


You could see an endoplasm.

Vanquished Creatures
  A goblin (D:1)
1 creature vanquished.

Notes
Turn   | Place    | Note
-------+----------+-------------------------------------------
     0 | D:1      | booth the Spriggan Artificer began the quest for the Orb.
     0 | D:1      | Reached XP level 1. HP: 9/9 MP: 2/2
    38 | D:1      | Found Cablu's General Store.
    66 | D:1      | Found Peus's Antique Weapon Shop.
    89 | D:1      | Found Mauram's Weapon Shoppe.
   120 | D:1      | Frozen to death by an endoplasm

Illustrated notes

Levels and vault maps discovered:
D:1:      lightli_arrival_noodles, layout_loops_ring, serial_shops, shop,
          nicolae_square_shop, nicolae_shop_stone, shop

Action                   || total
-------------------------++-------
Melee: Club              ||     5
       Punch             ||     1
Dodge: Dodged            ||     2
